 Dungeon Crawl Stone Soup version 0.24-a0-459-g225fefd530 (webtiles) character file.

Game seed: 3570719853578010179

324 Mrkan the Ruffian (level 6, -2/59 HPs)
             Began as a Troll Abyssal Knight on June 27, 2019.
             Was a Believer of Lugonu.
             Slain by an ogre
             ... wielding a +0 giant spiked club
              (13 damage)
             ... on level 5 of the Dungeon.
             The game lasted 00:04:39 (1950 turns).

Mrkan the Ruffian (Troll Abyssal Knight)            Turns: 1950, Time: 00:04:39

Health: -2/59      AC:  7    Str: 21    XL:     6   Next: 23%
Magic:  6/6        EV: 10    Int: 10    God:    Lugonu [**....]
Gold:   162        SH:  0    Dex:  9    Spells: 5/5 levels left

rFire    . . .     SeeInvis .     - Unarmed
rCold    . . .     Gourm    +   (no shield)
rNeg     . . .     Faith    .   a - +0 robe
rPois    .         Spirit   .   (helmet restricted)
rElec    .         Reflect  .   v - +0 cloak
rCorr    .         Harm     .   (gloves unavailable)
MR       .....                  (boots unavailable)
Stlth    +.........             (no amulet)
HPRegen  0.59/turn              (no ring)
MPRegen  0.10/turn              (no ring)

@: lethally poisoned (-2 -> -2)
A: large, unfitting armour, claws 3, fast metabolism 3, gourmand, regeneration
1, shaggy fur 1, tough skin 3
a: Depart the Abyss, Bend Space, Renounce Religion


You were on level 5 of the Dungeon.
You worshipped Lugonu.
Lugonu was pleased with you.
You were not hungry.

You visited 1 branch of the dungeon, and saw 5 of its levels.
You visited the Abyss 1 time.

You collected 162 gold pieces.

Inventory:

Missiles
 h - 103 stones (quivered)
 p - 7 poisoned darts
 q - 8 datura-tipped darts
Armour
 a - a +0 robe (worn)
 v - a +0 cloak (worn)
Jewellery
 t - a +4 ring of strength {unknown}
Wands
 u - a wand of paralysis (9)
Scrolls
 c - 9 scrolls of identify {unknown}
 d - a scroll of remove curse {unknown}
 e - a scroll of enchant armour {unknown}
 f - 4 scrolls of magic mapping {unknown}
 g - 3 scrolls of teleportation {unknown}
 j - 2 scrolls of amnesia {unknown}
 k - a scroll of blinking {unknown}
 m - 2 scrolls of enchant weapon {unknown}
 o - 3 scrolls of fog {unknown}
Potions
 i - 2 potions of lignification {unknown}
 l - 2 potions of heal wounds {unknown}
 n - 4 potions of curing {unknown}
 r - 2 potions of flight {unknown}
 s - 3 potions of might {unknown}
Comestibles
 b - 10 rations


   Skills:
 - Level 2.4 Fighting
 - Level 1.9 Dodging
 * Level 6.7 Unarmed Combat
 - Level 1.5 Invocations


You had 5 spell levels left.
You didn't know any spells.
Your spell library contained the following spells:

 Spells                   Type           Power        Failure   Level  Hunger
 Magic Dart               Conj           #...         36%         1    ##.....
 Searing Ray              Conj           #.....       50%         2    ###....
 Dazzling Spray           Conj/Hex       #.....       75%         3    ####...
 Force Lance              Conj/Tloc      #.......     98%         4    #####..
 Fulminant Prism          Conj/Hex       #.........   98%         4    #####..
 Iskenderun's Mystic Bla  Conj           #.......     98%         4    #####..


Dungeon Overview and Level Annotations

Branches:
Dungeon (5/15)
 Temple: D:4-7

Altars:

Shops:
D:4 ?:%=:


Innate Abilities, Weirdness & Mutations

You are too large for most types of armour.
You have claws for hands.
Your metabolism is lightning-fast.
You like to eat raw meat.
Your natural rate of healing is unusually fast.
You are covered in fur. (AC +1)
You have extremely tough skin. (AC +3)


Message History

The jackal skeleton barely misses you.
You feel sick.
The giant cockroach bites you but does no damage.
You feel sick. The giant cockroach closely misses you.
You feel sick.
You feel sick. The jackal skeleton barely misses you.
You feel sick.
The giant cockroach waves its antennae.
You feel sick. The giant cockroach barely misses you.
You feel sick.
You claw the giant cockroach!
You kill the giant cockroach!
Lugonu accepts your kill.
The ogre hits you with a +0 giant spiked club!!
Ouch! That really hurt!
* * * LOW HITPOINT WARNING * * *
You see here a giant cockroach corpse.
You scratch the ogre but do no damage.
You feel sick.
The ogre hits you with a +0 giant spiked club!
You die...

............##.#####.........
#....!..?.##.# ###.........
#.........##.###...........
#......!..##.##..#.........
####..######.##.###........
#..# #....#...[....#. #..#
#..###...#.####.
##..######..# #...#......
#.....ZO@...# #...##..#
#.#....###.## #.......#
######.....###...##†..###
####..##..#####.....
#..##.####...#...
#...#.##.......##
##....#..##..###
#####....###.....
#.....##.....####.


You could see an ogre and a jackal skeleton.

Vanquished Creatures
  2 scorpions (D:4)
  2 worker ants
  A worker ant zombie (D:5)
  8 adders
  7 worms
  A dart slug (D:3)
  A leopard gecko (D:1)
  5 orcs (D:3)
  4 giant cockroaches
  7 goblins
  7 hobgoblins
  3 jackals (D:5)
  6 kobolds
  2 quokkas (D:4)
  6 bats
  5 frilled lizards
  9 rats
76 creatures vanquished.

Notes
Turn   | Place    | Note
-------+----------+-------------------------------------------
     0 | Abyss:1  | Mrkan the Troll Abyssal Knight began the quest for the Orb.
     0 | Abyss:1  | Reached XP level 1. HP: 22/22 MP: 1/1
    11 | Abyss:2  | Noticed a flayed ghost
    13 | D:1      | Escaped the Abyss
    91 | D:1      | Reached XP level 2. HP: 25/29 MP: 2/2
   188 | D:1      | Reached * piety under Lugonu
   188 | D:1      | Reached skill level 3 in Unarmed Combat
   412 | D:2      | Found a faded altar of an unknown god.
   566 | D:2      | Reached XP level 3. HP: 36/36 MP: 3/3
   801 | D:2      | Reached skill level 4 in Unarmed Combat
   950 | D:3      | Reached XP level 4. HP: 44/44 MP: 4/4
  1018 | D:3      | Reached ** piety under Lugonu
  1264 | D:3      | Reached skill level 5 in Unarmed Combat
  1498 | D:4      | Found Elesagg's Magic Scroll Boutique.
  1501 | D:4      | Reached XP level 5. HP: 50/50 MP: 5/5
  1514 | D:4      | Found Umauph's Book Boutique.
  1551 | D:4      | Found Dauffun's Jewellery Boutique.
  1595 | D:4      | Found Arphokh's Book Shoppe.
  1641 | D:4      | Reached skill level 6 in Unarmed Combat
  1731 | D:4      | Reached XP level 6. HP: 34/59 MP: 6/6
  1824 | D:4      | Found Ibelial's Food Shop.
  1826 | D:4      | You fall into a shaft and drop 1 floor!
  1826 | D:5      | Entered Level 5 of the Dungeon
  1950 | D:5      | Slain by an ogre

Levels and vault maps discovered:
D:1:      ebering_trefoil_3fold, layout_rooms
D:2:      layout_rooms, first_ration, chequers_ecumenical_altar_simple_redux
D:3:      layout_rooms
D:4:      layout_rooms, serial_shops, shop, shop, shop_statue,
          nicolae_shop_waterfront, nicolae_shop_trees, serial_glass,
          glass_columns_a, glass_columns_c, nicolae_underground_beach
D:5:      layout_rooms, minmay_temple_entry_junction

Skill      XL: |  1  2  3  4  5 |
---------------+----------------+-----
Unarmed Combat | 3 4 5 6 |  6.7
Fighting       | |  2.4
Dodging        | |  1.9
Invocations    | |  1.5

Action                   |  1- 3 |  4- 6 || total
-------------------------+-------+-------++-------
Melee: Unarmed           |   116 |    96 ||   212
       Punch             |       |     1 ||     1
Invok: Depart the Abyss  |     1 |       ||     1
 Stab: Sleeping          |     1 |       ||     1
  Eat: Chunk             |    12 |     7 ||    19
Armor: Robe              |    47 |    35 ||    82
Dodge: Dodged            |    66 |    66 ||   132

Table legend:
 A = Non-vault XP
 B = Vault XP
 C = Vault XP percentage of total XP
 D = Non-vault monster count
 E = Vault monster count
 F = Vault count percentage of total count
                 A         B        C        D         E       F
            +---------+---------+-------+---------+---------+-------
      Total |     463 |       0 |   0.0 |      76 |       0 |   0.0
            +---------+---------+-------+---------+---------+-------
        D:1 |      25 |       0 |   0.0 |      15 |       0 |   0.0
        D:2 |      57 |       0 |   0.0 |      23 |       0 |   0.0
        D:3 |     111 |       0 |   0.0 |      24 |       0 |   0.0
        D:4 |     201 |       0 |   0.0 |       7 |       0 |   0.0
        D:5 |      69 |       0 |   0.0 |       7 |       0 |   0.0
            +---------+---------+-------+---------+---------+-------
